 Dungeon Crawl Stone Soup version 0.32-a0-886-g41c5271027 (webtiles) character file.

Game seed: 5617446930326992852

1556 KingMieszko3 the Fighter (level 8, 0/70 (75) HPs)
             Began as a Minotaur Berserker on Apr 2, 2024.
             Was a Priest of Trog.
             Killed by divine providence
             ... invoked by Jeremiah
              (12 damage)
             ... on level 6 of the Dungeon.
             The game lasted 00:15:56 (4477 turns).

KingMieszko3 the Fighter (Minotaur Berserker)       Turns: 4477, Time: 00:15:57

HP:   0/70 (75)     AC: 11    Str: 23    XL:     8   Next: 58%
MP:   7/7           EV:  8    Int:  4    God:    Trog [***...]
Gold: 341           SH: 13    Dex: 11    Spells: 7/7 levels left

rFire   + . .        A - +0 war axe
rCold   . . .        a - +0 kite shield
rNeg    + . .        g - +0 chain mail
rPois   .            (helmet restricted)
rElec   .            (no cloak)
rCorr   .            (no gloves)
SInv    .            C - +0 pair of boots
Will    .....        h - amulet of reflection Stlth
                     r - ring of protection from fire
HPRegen 0.31/turn    x - ring of positive energy
MPRegen 0.10/turn

%: reflection
@: on berserk cooldown, hasted and slowed, drained
A: horns 2, retaliatory headbutt
a: Renounce Religion, Berserk, Trog's Hand


You were on level 6 of the Dungeon.
You worshipped Trog.
Trog was most pleased with you.
You visited 1 branch of the dungeon, and saw 6 of its levels.

You collected 341 gold pieces.

Inventory:

Hand Weapons
 A - a +0 war axe (weapon)
Missiles
 c - 3 throwing nets (quivered)
Armour
 a - a +0 kite shield (worn)
 g - a +0 chain mail (worn)
 C - a +0 pair of boots (worn)
Jewellery
 h - an amulet of reflection (around neck)
 o - an amulet of magic regeneration
 r - a ring of protection from fire (left hand)
 x - a ring of positive energy (right hand)
 y - the amulet "Unuz" {Rampage Will+++ RegenMP+ Int+3 Dex-5}
   (You found it on level 4 of the Dungeon)

   [amulet of magic regeneration]

   It increases your rate of magic regeneration.
   Int+3:     It affects your intelligence (+3).
   Dex-5:     It affects your dexterity (-5).
   Will+++:   It greatly increases your willpower.
   Rampage:   It bestows one free step when moving towards enemies.
   RegenMP+:  It increases your rate of magic regeneration.
Scrolls
 i - a scroll of brand weapon {unknown}
 j - a scroll of enchant armour {unknown}
 k - a scroll of summoning {unknown}
 n - a scroll of amnesia {unknown}
 p - 3 scrolls of poison
 t - a scroll of enchant weapon {unknown}
 u - a scroll of revelation {unknown}
 v - a scroll of identify
 B - a scroll of silence {unknown}
Potions
 e - a potion of haste
 f - a potion of enlightenment
 l - 2 potions of lignification
 q - a potion of degeneration {unknown}
 s - a potion of magic {unknown}
 w - a potion of heal wounds {unknown}
 z - a potion of might {unknown}
 D - a potion of cancellation {unknown}


   Skills:
 * Level 8.6 Fighting
 + Level 6.6 Axes
 + Level 5.9 Armour
 + Level 5.3 Dodging
 + Level 3.7 Shields


You had 7 spell levels left.
You didn't know any spells.
Your spell library was empty.

Dungeon Overview and Level Annotations

Branches:
Dungeon (6/15)
 Temple: D:4-7

Altars:
Kikubaaqudgha
Sif Muna

Shops:
D:3 [

Annotations:
D:6 Jeremiah


Innate Abilities, Weirdness & Mutations

You have a pair of horns on your head.
You reflexively headbutt those who attack you in melee.


Message History

The butterfly disappears in a burst of colours!
You slash the butterfly!
You kill the butterfly!
The butterfly disappears in a burst of colours! x3
The butterfly disappears in a burst of colours!
You closely miss the butterfly. x2
The butterfly disappears in a burst of colours!
You slash the butterfly!
You kill the butterfly!
The butterfly disappears in a burst of colours!
You hit the butterfly.
You kill the butterfly!
The butterfly disappears in a burst of colours!
Your skin stops crawling.
You feel less strong-willed.
Jeremiah cries, "Fearful master, protect me!"
Something smites you! Jeremiah barely misses you.
You closely miss the butterfly.
The butterfly disappears in a burst of colours!
Jeremiah hits you but does no damage. You partially resist.
You block Jeremiah's attack.
You hit the butterfly.
You kill the butterfly!
The butterfly disappears in a burst of colours!
You block Jeremiah's attack.
You slash the butterfly!
You kill the butterfly!
The butterfly disappears in a burst of colours!
You completely miss the butterfly.
Jeremiah hits you from afar with a +3 trident of draining!
* * * LOW HITPOINT WARNING * * *
You partially resist.
You feel drained.
* * * LOW HITPOINT WARNING * * *
You miss the butterfly.
The butterfly disappears in a burst of colours!
Jeremiah barely misses you.
Jeremiah shouts, "O dreadful one, destroy my foe!"
Something smites you!
You die...
Jeremiah says, "O terrible one, your will is done."

.#....b. .# #.
#.####.. .# #. .
#.) .# #. #.. .#
#b #.b b# #b #..
.#F ### #b#
##@#######
#........# .####
#.)#####.##....#
#..#
###.##....##
#..#
#....#.....###
#..# #.####
#...... #..# #.#
#..(... #..#
#.######......
#..#
#......bF.....


You could see Jeremiah.

Vanquished Creatures
  Grinder (D:5)
  A wyvern (D:6)
  Eustachio (D:4)
  An ogre (D:5)
  2 centaurs
  A phantom (D:5)
  Blork the orc (D:6)
  A scorpion (D:6)
  3 bombardier beetles (D:5)
  A hound (D:6)
  An orc priest (D:5)
  A gnoll bouda (D:5)
  2 jellies (D:5)
  A sleepcap (D:6)
  4 orc wizards
  5 gnolls (D:5)
  4 adders
  A white imp (D:6)
  2 ufetubi (D:5)
  A dart slug (D:2)
  2 ribbon worms
  9 orcs
  7 endoplasms
  5 giant cockroaches
  12 goblins
  4 hobgoblins
  3 jackals (D:4)
  4 quokkas
  12 ball pythons
  7 bats
  5 frilled lizards
  8 kobolds
  5 rats
118 creatures vanquished.

Vanquished Creatures (others)
  A sky beast (D:6)
1 creature vanquished.

Grand Total: 119 creatures vanquished

Notes
Turn   | Place    | Note
-------+----------+-------------------------------------------
     0 | D:1      | KingMieszko3 the Minotaur Berserker began the quest for the
                  | Orb.
     0 | D:1      | Reached XP level 1. HP: 19/19 MP: 0/0
   179 | D:1      | Found a faded altar of an unknown god.
   179 | D:1      | Noticed a sun demon
   395 | D:1      | Reached XP level 2. HP: 27/27 MP: 1/1
   654 | D:1      | Reached skill level 4 in Fighting
   951 | D:2      | Reached XP level 3. HP: 27/33 MP: 2/2
  1052 | D:2      | Reached ** piety under Trog
  1540 | D:3      | Reached XP level 4. HP: 41/41 MP: 3/3
  1746 | D:3      | Found Ruil's Armour Shop.
  2226 | D:4      | Noticed Eustachio
  2239 | D:4      | Killed Eustachio
  2240 | D:4      | Reached skill level 5 in Fighting
  2240 | D:4      | Reached XP level 5. HP: 50/50 MP: 4/4
  2335 | D:4      | Identified the amulet "Unuz" {Rampage Will+++ RegenMP+
                  | Int+3 Dex-5}
  2375 | D:4      | Found a shimmering blue altar of Sif Muna.
  2379 | D:4      | Found an ancient bone altar of Kikubaaqudgha.
  3067 | D:5      | Entered Level 5 of the Dungeon
  3078 | D:5      | Reached XP level 6. HP: 45/57 MP: 5/5
  3082 | D:5      | Reached skill level 5 in Axes
  3084 | D:5      | Reached skill level 6 in Fighting
  3169 | D:5      | Noticed Grinder
  3169 | D:5      | Paralysed by Grinder for 2 turns
  3178 | D:5      | Killed Grinder
  3179 | D:5      | Reached skill level 1 in Shields
  3179 | D:5      | Reached XP level 7. HP: 56/64 MP: 6/6
  3455 | D:5      | Reached skill level 7 in Fighting
  3784 | D:5      | Reached skill level 5 in Armour
  3827 | D:5      | Reached *** piety under Trog
  3983 | D:5      | Reached XP level 8. HP: 74/74 MP: 7/7
  4189 | D:6      | Reached skill level 8 in Fighting
  4189 | D:6      | Reached skill level 5 in Dodging
  4326 | D:6      | Noticed Jeremiah
  4427 | D:6      | Noticed Blork the orc
  4438 | D:6      | Killed Blork the orc
  4477 | D:6      | Killed from afar by Jeremiah

Illustrated notes

Levels and vault maps discovered:
D:1:      dpeg_arrival_round_c, layout_basic,
          dreamdust_ecumenical_altar_sealed_demon
D:2:      layout_rooms, minmay_pentomino_u2
D:3:      kennysheep_the_goblin_king, layout_loops_ring, serial_shops, shop
D:4:      layout_cave_pods, mainiacjoe_overflow_catwalk_spiral, uniq_eustachio
D:5:      layout_loops_ring, uniq_grinder
D:6:      corexii_shack_village, layout_basic, uniq_jeremiah,
          uniq_blork_the_orc, uniq_edmund

Skill      XL: |  1  2  3  4  5  6  7  8 |
---------------+-------------------------+-----
Fighting       | 4 5 6 7 8 |  8.6
Axes           | 4 5 6 |  6.6
Armour         | 3 4 5 |  5.9
Dodging        | 3 4 5 |  5.3
Shields        | 1 2 3 |  3.7

Action                     |  1- 3 |  4- 6 |  7- 9 || total
---------------------------+-------+-------+-------++-------
  Melee: Hand axe          |    99 |    68 |       ||   167
         Headbutt          |     9 |    13 |    19 ||    41
         War axe           |       |    18 |   151 ||   169
 Invoke: Trog's Hand       |       |     2 |     3 ||     5
         Berserk           |       |     2 |     2 ||     4
    Use: Scroll            |     2 |     4 |     2 ||     8
         Potion            |       |       |     5 ||     5
 Armour: Animal skin       |    23 |       |       ||    23
         Chain mail        |    69 |    59 |   111 ||   239
  Dodge: Dodged            |    32 |    32 |    26 ||    90
  Block: Other             |     5 |    12 |       ||    17
         Reflection        |       |     1 |     3 ||     4
         Kite shield       |       |     2 |    76 ||    78

Table legend: (Time is in decaauts)
 A = Elapsed time spent in this place.
 B = Non-inter-level travel time spent in this place.
 C = Inter-level travel time spent in this place.
 D = Time resting spent in this place.
 E = Time spent auto-exploring this place.
 F = Levels seen in this place.
 G = Mean time per level.
                   A        B        C        D        E       F      G
               +--------+--------+--------+--------+--------+-----+--------+
         Total |   4565 |   4371 |    194 |    152 |   3346 |   6 |  760.8 |
       Dungeon |   4565 |   4371 |    194 |    152 |   3346 |   6 |  760.8 |
               +--------+--------+--------+--------+--------+-----+--------+

Top non-repeatable levels by time:
     D:5: 1106 daAuts
     D:1: 931 daAuts
     D:4: 866 daAuts
     D:3: 715 daAuts
     D:2: 575 daAuts
     D:6: 370 daAuts
